 Dungeon Crawl Stone Soup version 0.21.1-1-g345015f (webtiles) character file.

207 inc the Changer (level 5, -1/33 HPs)
             Began as an Octopode Transmuter on Mar 16, 2018.
             Slain by an ogre
             ... wielding a +0 giant club
              (34 damage)
             ... on level 5 of the Dungeon.
             The game lasted 00:04:59 (3344 turns).

inc the Changer (Octopode Transmuter)               Turns: 3344, Time: 00:05:00

Health: -1/33      AC:  2    Str: 10    XL:     5   Next: 85%
Magic:  4/8        EV: 19    Int: 16    God:
Gold:   167        SH:  0    Dex: 17    Spells: 2/8 levels left

rFire    . . .     SeeInvis .     - Unarmed
rCold    . . .     Gourm    .   (shield currently unavailable)
rNeg     . . .     Faith    .   (helmet currently unavailable)
rPois    x         Spirit   .   q - amulet of regeneration
rElec    .         Reflect  .   (no ring)
rCorr    .         Harm     .   (no ring)
MR       .....                  (no ring)
Stlth    ++........             (no ring)
HPRegen  0.51/turn              (no ring)
MPRegen  0.11/turn              (no ring)
                                (no ring)
                                (no ring)

@: spider-form
A: tiny, almost no armour, stealthy swim, (amphibious), 8 rings, (constrict 8)
a: End Transformation


You were on level 5 of the Dungeon.
You were not hungry.
You were a venomous arachnid creature.
You visited 1 branch of the dungeon, and saw 5 of its levels.

You collected 167 gold pieces.

Inventory:

Missiles
 a - 67 arrows
Jewellery
 q - an amulet of regeneration (around neck)
 r - a +4 ring of dexterity {unknown}
Scrolls
 d - a scroll of teleportation
 f - 2 scrolls of remove curse {unknown}
 g - a scroll of immolation {unknown}
 k - a scroll of amnesia {unknown}
 n - a scroll of random uselessness {unknown}
 p - a scroll of blinking {unknown}
Potions
 e - a potion of curing {unknown}
 h - a potion of degeneration {unknown}
 i - a potion of brilliance
 j - a potion of lignification
 l - 3 potions of heal wounds
 m - a potion of magic {unknown}
 o - a potion of agility {unknown}
Books
 b - a book of Changes

   Spells                             Type                      Level
   a - Beastly Appendage              Transmutation                1
   b - Sticks to Snakes               Transmutation                2
   c - Spider Form                    Transmutation/Poison         3
   d - Ice Form                       Ice/Transmutation            4
   e - Blade Hands                    Transmutation                5
Comestibles
 c - 6 rations


   Skills:
 - Level 1.0 Fighting
 - Level 2.0 Dodging
 - Level 3.0 Unarmed Combat
 - Level 2.0 Spellcasting
 + Level 5.9 Transmutations


You had 2 spell levels left.
You knew the following spells:

 Your Spells              Type           Power        Failure   Level  Hunger
a - Beastly Appendage     Tmut           ###...       8%          1    #......
b - Sticks to Snakes      Tmut           ###.....     10%         2    ###....
c - Spider Form           Tmut/Pois      ##........   38%         3    ###....


Dungeon Overview and Level Annotations

Branches:
Dungeon (5/15)
 Temple: D:4-7

Altars:
Cheibriados
Elyvilon
Uskayaw


Innate Abilities, Weirdness & Mutations

You cannot wear most types of armour.
You are very stealthy in the water. (Stealth+)
((You are amphibious.))
You can wear up to eight rings at the same time.
((You can use your tentacles to constrict eight enemies at once.))
((Your skin changes colour to match your surroundings (Stealth+).))
((Your rubbery body absorbs attacks. (AC +1, EV +1)))


Message History

Found a stone staircase leading down.
There is a stone staircase leading down here.
Found a stone staircase leading down.
Found 24 bolts.
r - a runed bone ring You see here 24 bolts.
An ogre comes into view. It is wielding a giant club.
An ogre is nearby!
Casting: Beastly Appendage
Confirm with . or Enter, or press ? or * to list all spells.
One of your tentacles grows a vicious spike.
The ogre shouts!
Found 31 arrows.
Casting: Beastly Appendage
Confirm with . or Enter, or press ? or * to list all spells.
Your tentacle spike disappears.
You turn into a venomous arachnid creature.
The ogre hits you with a giant club!!
Ouch! That really hurt!
You die...

#.##### ### #.##..
..# #.##># #.#
###.##.######.#
...........##.#
##...#.###.##.#
#.............###
##...#####..(...#####
##.## ##.....s...#
#.# #.##...O..# #.#
#.##.###..# #+ #.##.#
#..# #.##.# #..#
#.##.. ...#
#.........#
##...#.#### ....


You could see an ogre.

Vanquished Creatures
  Jessica (D:2)
  A worker ant (D:3)
  6 adders
  A shadow imp (D:5)
  An ooze (D:1)
  An adder skeleton (D:4)
  2 worms
  2 dart slugs (D:2)
  2 orcs
  2 bats
  3 giant cockroaches
  7 hobgoblins
  15 jackals
  9 kobolds
  A quokka (D:3)
  3 ball pythons
  3 frilled lizards
  6 goblins
  10 rats
76 creatures vanquished.

Notes
Turn   | Place    | Note
-------+----------+-------------------------------------------
     0 | D:1      | inc the Octopode Transmuter began the quest for the Orb.
     0 | D:1      | Reached XP level 1. HP: 13/13 MP: 3/3
    20 | D:1      | Reached XP level 2. HP: 10/18 MP: 3/5
   444 | D:1      | Reached skill level 3 in Transmutations
   580 | D:1      | Reached XP level 3. HP: 18/23 MP: 4/6
   881 | D:2      | Reached skill level 4 in Transmutations
  1089 | D:2      | Found a hide-covered altar of Uskayaw.
  1094 | D:2      | Noticed Jessica
  1107 | D:2      | Killed Jessica
  1107 | D:2      | Reached XP level 4. HP: 21/28 MP: 5/7
  1117 | D:2      | Learned a level 2 spell: Sticks to Snakes
  1121 | D:2      | Learned a level 3 spell: Spider Form
  1717 | D:3      | Reached skill level 5 in Transmutations
  1717 | D:3      | Reached XP level 5. HP: 12/33 MP: 6/8
  2308 | D:3      | Noticed a phantom
  3073 | D:4      | Found a snail-covered altar of Cheibriados.
  3131 | D:5      | Entered Level 5 of the Dungeon
  3178 | D:5      | Found a white marble altar of Elyvilon.
  3337 | D:5      | Noticed an ogre
  3344 | D:5      | Slain by an ogre

Skill      XL: |  1  2  3  4 |
---------------+-------------+-----
Transmutations | 3 4 5 |  5.9
Fighting       | |  1.0
Dodging        | |  2.0
Unarmed Combat | |  3.0
Spellcasting   | |  2.0

Action                   |  1- 3 |  4- 6 || total
-------------------------+-------+-------++-------
Melee: Unarmed           |    66 |    96 ||   162
       Kick              |    13 |    29 ||    42
       Constrict         |    22 |    28 ||    50
       Tentacles         |    10 |    14 ||    24
 Cast: Beastly Appendage |    14 |    22 ||    36
       Spider Form       |       |     1 ||     1
  Use: Scroll            |       |     4 ||     4
 Stab: Sleeping          |     6 |     3 ||     9
  Eat: Chunk             |     1 |     4 ||     5
       Ration            |       |     1 ||     1
Armor: Skin              |     4 |     2 ||     6
Dodge: Dodged            |    29 |    57 ||    86
